 Dungeon Crawl Stone Soup version 0.30.0-10-gfe55d96785 (webtiles) character file.

Game seed: 4821879373936515494

7465 2FriedEggs the Convoker (level 10, -10/50 HPs)
             Began as a Deep Elf Summoner on May 14, 2023.
             Was an Initiate of Gozag.
             Mangled by a troll (11 damage)
             ... on level 11 of the Dungeon.
             The game lasted 00:41:22 (12467 turns).

2FriedEggs the Convoker (Deep Elf Summoner)        Turns: 12467, Time: 00:41:22

Health: -10/50     AC: 13    Str:  5    XL:     10   Next: 94%
Magic:  15/23      EV: 11    Int: 25    God:    Gozag
Gold:   441        SH:  0    Dex: 15    Spells: 5/24 levels left

rFire   . . .        J - +5 spear
rCold   . . .        (no shield)
rNeg    . . .        c - +3 ring mail
rPois   +            M - +2 helmet
rElec   .            (no cloak)
rCorr   .            m - +1 pair of gloves
SInv    .            (no boots)
Will    +....        O - amulet of magic regeneration
Stlth   +            f - ring of wizardry
HPRegen 0.28/turn    v - ring of poison resistance
MPRegen 0.58/turn

%: wizardry (x1)
@: very slightly contaminated
A: no striking features
a: Renounce Religion, Potion Petition, Call Merchant, Bribe Branch


You were on level 11 of the Dungeon.
You worshipped Gozag.
Gozag was aware of your devotion.
You visited 2 branches of the dungeon, and saw 12 of its levels.

You collected 1333 gold pieces.
You spent 771 gold pieces at shops.
You paid 121 gold pieces to Gozag.

Inventory:

Hand Weapons
 e - a +0 short sword
 r - a +0 dagger of venom
 J - a +5 spear (weapon)
Armour
 c - a +3 ring mail (worn)
 m - a +1 pair of gloves (worn)
 I - an orb of mayhem
 M - a +2 helmet (worn)
Magical Staves
 w - a staff of fire
Jewellery
 f - a ring of wizardry (left hand)
 n - a ring of positive energy
 v - a ring of poison resistance (right hand)
 y - a ring of protection from fire
 E - a ring of wizardry
 H - a ring of fire
 K - a ring of fire
 O - an amulet of magic regeneration (around neck)
 P - an amulet of reflection
Wands
 a - a wand of acid (13)
 F - a wand of iceblast (11)
 L - a wand of flame (15)
Scrolls
 d - 4 scrolls of poison
 g - 2 scrolls of summoning
 j - a scroll of torment
 k - 5 scrolls of vulnerability
 l - 6 scrolls of teleportation
 o - 3 scrolls of fear
 p - a scroll of immolation
 s - 2 scrolls of amnesia
 A - a scroll of brand weapon
 D - a scroll of fog
Potions
 b - a potion of magic
 h - 5 potions of curing
 i - a potion of haste {unknown}
 q - 5 potions of brilliance
 t - 3 potions of flight
 u - 2 potions of attraction {unknown}
 x - 5 potions of heal wounds {unknown}
 z - 6 potions of ambrosia
 B - 3 potions of degeneration {unknown}
 C - a potion of lignification {unknown}
 G - 2 potions of cancellation {unknown}
 N - a potion of berserk rage {unknown}


   Skills:
 + Level 6.4 Dodging
 - Level 2.4 Stealth
 + Level 7.8 Spellcasting
 * Level 16.7 Summonings


You had 5 spell levels left.
You knew the following spells:

 Your Spells              Type           Power      Damage    Failure   Level
a - Summon Small Mammal   Summ           100%       N/A       1%          1
b - Call Imp              Summ           100%       N/A       1%          2
c - Call Canine Familiar  Summ           76%        N/A       1%          3
d - Summon Lightning Spi  Summ/Air       51%        N/A       4%          4
e - Blink                 Tloc           18%        N/A       17%         2
f - Summon Hydra          Summ           38%        N/A       11%         7

Your spell library contained the following spells:

 Spells                   Type           Power      Damage    Failure   Level
 Summon Guardian Golem    Hex/Summ       51%        N/A       1%          3
 Freeze                   Ice            36%        1d5       12%         1
 Sting                    Tmut/Pois      36%        1d4       12%         1
 Lesser Beckoning         Tloc           18%        N/A       17%         2
 Momentum Strike          Conj/Tloc      18%        3d8       17%         2
 Poisonous Vapours        Pois/Air       18%        N/A       17%         2
 Static Discharge         Conj/Air       18%        2-3/arc   17%         2
 Sublimation of Blood     Necr           9%         N/A       17%         2
 Wereblood                Tmut           9%         N/A       17%         2
 Frozen Ramparts          Ice            18%        1d3       32%         3
 Hailstorm                Conj/Ice       9%         3d4       32%         3
 Portal Projectile        Hex/Tloc       18%        N/A       32%         3
 Tukima's Dance           Hex            9%         N/A       32%         3
 Vhi's Electric Charge    Tloc/Air       18%        N/A       32%         3
 Airstrike                Air            4%         2d(1-17)  71%         4
 Olgreb's Toxic Radiance  Pois           9%         N/A       71%         4
 Arcjolt                  Conj/Air       4%         1d14      96%         5
 Blade Hands              Tmut           4%         N/A       96%         5
 Plasma Beam              Fire/Air       4%         2x1d16    100%        6


Dungeon Overview and Level Annotations

Branches:
Dungeon (11/15)            Temple (1/1) D:7            Lair (0/5) D:9
    Orc (0/2) D:9

Altars:
Ashenzari
Cheibriados
Dithmenos
Elyvilon
Fedhas
Gozag
Hepliaklqana
Kikubaaqudgha
Makhleb
Nemelex Xobeh
Okawaru
Qazlal
Ru
Sif Muna
Trog
Uskayaw
Vehumet
Wu Jian
Xom
Yredelemnul
Zin
The Shining One

Shops:
D:5 [   D:7 *(

Annotations:
D:9 Erolcha


Message History

There is a stone staircase leading down, spattered with blood here.
You see here a +0 whip.
There is a stone staircase leading down here.
You climb downwards.
Found 17 gold pieces and a dented peridot amulet.
There is a stone staircase leading up here.
Okay, then.
Found a stone staircase leading down.
P - an amulet of reflection Search for what [? for help]? buckler Can't find anything matching that.
You now have 441 gold pieces (gained 17).
A troll comes into view.
The troll shouts!
Casting: Summon Small Mammal (safe; 1% risk of failure)
Confirm with . or Enter, or press ? or * to list all spells.
Your warg bites the troll!
The troll attacks as you move away! The troll bites you!
The troll barely misses you. x2; Your warg completely misses the troll.
Casting: Call Canine Familiar (safe; 1% risk of failure)
Confirm with . or Enter, or press ? or * to list all spells.
A tiny devil pulls itself out of the air.
The troll bites you. The troll claws you! The troll claws you.
Casting: Call Imp (safe; 1% risk of failure)
Confirm with . or Enter, or press ? or * to list all spells.
An electric hum fills the air.
Your warg barely misses the troll.
The troll closely misses you. The troll claws you!
* * * LOW HITPOINT WARNING * * *
The troll claws you but does no damage.
Your warg closely misses the troll.
Your cerulean imp misses the troll.
Casting: Summon Lightning Spire (dangerous; 4% risk of failure)
Confirm with . or Enter, or press ? or * to list all spells.
You miscast Blink.
You are very lightly contaminated with residual magic.
Nothing appears to happen.
Your warg closely misses the troll.
The troll bites you!
* * * LOW HITPOINT WARNING * * *
The troll claws you!
You die...
Your body crumbles into a pile of gold.

#.8.# ##.8.# ##.8.# $
##.8.# ##.8.##..
##.8.##.. ##h85##..
##.8T##.. ##.8@###.#
##.88####.###
#...####....##### .
##.............<####.#
#.#####....####.....#
#. #....# #...#### #.
#....# #.#.# #.
#....###.#.# #+
##.....#.#.#


You could see a troll (ally target), a friendly warg (summoned), a friendly
lightning spire (summoned) and a friendly cerulean imp (summoned).

Vanquished Creatures
  A kobold demonologist (D:10)
  A wyvern (D:8)
  Eustachio (D:5)
  An orc warrior (D:9)
  A phantom (D:6)
  A bullfrog (D:6)
  A scorpion (D:5)
  6 killer bees (D:10)
  A howler monkey (D:10)
  2 gnolls (D:5)
  2 adders
  A shadow imp (D:6)
  2 dart slugs
  3 orcs
  2 bats
  An endoplasm (D:4)
  3 quokkas
  A ball python (D:2)
  5 kobolds
  A rat (D:3)
37 creatures vanquished.

Vanquished Creatures (collateral kills)
  A two-headed ogre (D:7)
  A queen bee (D:10)
  4 trolls
  A wyvern (D:8)
  2 vampire mosquitoes (D:10)
  A steam dragon (D:9)
  2 water moccasins
  2 ice beasts
  3 orc warriors
  2 black bears (D:6)
  An ogre (D:5)
  A phantom (D:6)
  3 centaurs
  A kobold brigand (D:10)
  A gnoll sergeant (D:7)
  6 bullfrogs
  2 scorpions
  9 wights
  17 killer bees (D:10)
  2 jellies
  2 gnoll boudas
  5 orc priests
  A sleepcap (D:7)
  3 hounds
  Ijyb (D:4)
  2 iguanas
  8 orc wizards
  A statue (D:3)
  14 gnolls
  3 adders
  A shadow imp (D:7)
  2 white imps
  An ufetubus (D:5)
  4 worms
  3 dart slugs
  37 orcs
  6 ball pythons
  2 bats
  9 endoplasms
  2 giant cockroaches
  3 goblins
  6 hobgoblins
  6 jackals (D:1)
  2 quokkas
  2 frilled lizards
  14 kobolds
  2 rats
204 creatures vanquished.

Grand Total: 241 creatures vanquished

Notes
Turn   | Place    | Note
-------+----------+-------------------------------------------
     0 | D:1      | 2FriedEggs the Deep Elf Summoner began the quest for the
                  | Orb.
     0 | D:1      | Reached XP level 1. HP: 10/10 MP: 6/6
   291 | D:1      | Reached XP level 2. HP: 10/15 MP: 6/8
   341 | D:1      | Found a faded altar of an unknown god.
   426 | D:1      | Learned a level 2 spell: Call Imp
   556 | D:1      | Reached skill level 5 in Summonings
   739 | D:1      | Reached XP level 3. HP: 10/19 MP: 5/9
  1005 | D:2      | Learned a level 3 spell: Call Canine Familiar
  1768 | D:2      | Found an iron altar of Okawaru.
  1980 | D:3      | Reached XP level 4. HP: 23/24 MP: 7/10
  2287 | D:3      | Reached skill level 6 in Summonings
  2473 | D:3      | Found an ancient bone altar of Kikubaaqudgha.
  2852 | D:3      | Found a radiant altar of Vehumet.
  2852 | D:3      | Noticed a frost-covered statue
  2863 | D:3      | Killed a frost-covered statue
  2864 | D:3      | Reached XP level 5. HP: 28/28 MP: 4/11
  3446 | D:4      | Found a hazy altar of Hepliaklqana.
  3531 | D:4      | Noticed Ijyb
  3561 | D:4      | Reached skill level 7 in Summonings
  3578 | D:4      | Reached XP level 6. HP: 19/32 MP: 2/12
  3917 | D:4      | Found a glowing golden altar of the Shining One.
  4244 | D:4      | Killed Ijyb
  4540 | D:5      | Entered Level 5 of the Dungeon
  4792 | D:5      | Found Riutuwex's Antique Armour Shop.
  4817 | D:5      | Found a basalt altar of Yredelemnul.
  5139 | D:5      | Reached skill level 8 in Summonings
  5139 | D:5      | Reached XP level 7. HP: 36/36 MP: 8/15
  5492 | D:6      | Noticed Eustachio
  5564 | D:5      | Killed Eustachio
  5565 | D:5      | Reached skill level 5 in Spellcasting
  5626 | D:5      | Bought a crude ring mail for 198 gold pieces
  5626 | D:5      | Identified the +3 ring mail of the Dungeon {Harm +Blink
                  | Regen+ Str-5} (You bought it in a shop on level 5 of the
                  | Dungeon)
  5703 | D:6      | Reached skill level 9 in Summonings
  5788 | D:6      | Reached XP level 8. HP: 38/41 MP: 7/19
  5892 | D:6      | Reached skill level 10 in Summonings
  6413 | D:6      | Found an ornate altar of the Wu Jian Council.
  6414 | D:6      | Found a burning altar of Makhleb.
  6479 | D:7      | Reached skill level 11 in Summonings
  6514 | D:7      | Found Piyros's Weapon Shop.
  6520 | D:7      | Learned a level 2 spell: Blink
  6802 | D:7      | Reached XP level 9. HP: 45/45 MP: 22/22
  6813 | D:7      | Noticed a two-headed ogre
  6838 | D:7      | Reached skill level 12 in Summonings
  6871 | D:7      | Found Lonkani's Luxury Loot.
  6946 | D:7      | Found a staircase to the Ecumenical Temple.
  6952 | Temple   | Entered the Ecumenical Temple
  7088 | Temple   | Became a worshipper of Gozag Ym Sagoz the Greedy
  7219 | D:7      | Killed a two-headed ogre
  7220 | D:7      | Reached skill level 13 in Summonings
  7930 | D:8      | Reached skill level 14 in Summonings
  8163 | D:9      | Noticed a troll
  8180 | D:9      | Killed a troll
  8186 | D:9      | Reached XP level 10. HP: 27/50 MP: 13/23
  8271 | D:9      | Found a bloodstained altar of Trog.
  8487 | D:9      | Found a staircase to the Lair.
  8490 | D:9      | Found a staircase to the Orcish Mines.
  8906 | D:9      | Reached skill level 15 in Summonings
  9208 | D:9      | Found a glowing silver altar of Zin.
  9515 | D:9      | Noticed Erolcha
  9833 | D:10     | Entered Level 10 of the Dungeon
 10889 | D:10     | Found an iron altar of Okawaru.
 11037 | D:5      | Bought a shiny helmet for 165 gold pieces
 11069 | D:7      | Bought a book of Lightning for 408 gold pieces
 11170 | D:10     | Learned a level 4 spell: Summon Lightning Spire
 11397 | D:10     | Reached skill level 5 in Dodging
 11403 | D:10     | Reached skill level 16 in Summonings
 12265 | D:10     | Learned a level 7 spell: Summon Hydra
 12295 | D:11     | Noticed a two-headed ogre
 12467 | D:11     | HP: 1/50 [troll (14)]
 12467 | D:11     | Mangled by a troll

Illustrated notes

Levels and vault maps discovered:
D:1:      lemuel_arrival_rhombus, layout_loops_ring,
          shapermc_ecumenical_altar_starsandcircs
D:2:      layout_loops_cross, basic_altar, minmay_pentomino_x4
D:3:      layout_loops_cross, kiku_gazebo_garden_becter, vehumet_statue,
          minmay_cupped
D:4:      layout_loops_ring, mainiacjoe_overflow_brackets, tso_metal_star,
          serial_rivers, chequers_serial_rivers_micro_d,
          chequers_serial_rivers_micro_d, chequers_serial_rivers_large_a,
          chequers_serial_rivers_micro_d, chequers_serial_rivers_room_a,
          uniq_ijyb
D:5:      layout_basic, mainiacjoe_overflow_concentric_impassable, serial_shops,
          nicolae_diamond_shop, minivault_1
D:6:      layout_cave_pools, gammafunk_temple_overflow_pools, minmay_between,
          uniq_eustachio
D:7:      layout_cave_pools, minmay_temple_entry_glassed_door,
          nicolae_take_the_stairs, nicolae_alphabet_shops
D:8:      layout_basic, minmay_statues_item
D:9:      layout_cave_pods, nicolae_overflow_hidden_temple, lemuel_round_altar,
          lair_entry_dummy, orc_0_dummy, special_room [special_room_orc],
          uniq_erolcha
D:10:     layout_basic, okawaru_ov_weapons_minmay, special_room
          [special_room_bee]
D:11:     minmay_inner_zag, layout_basic
Temple:   hellmonk_temple_forest_ring

Skill      XL: |  1  2  3  4  5  6  7  8  9 10 |
---------------+-------------------------------+-----
Summonings     | 5 6 7 8 9 11 14 16 | 16.7
Dodging        | 3 4 6 |  6.4
Spellcasting   | 4 6 7 |  7.8
Stealth        | |  2.4

Action                     |  1- 3 |  4- 6 |  7- 9 | 10-12 || total
---------------------------+-------+-------+-------+-------++-------
  Melee: Unarmed           |     8 |       |       |       ||     8
         Short sword       |    57 |    10 |       |       ||    67
         Punch             |     2 |     1 |     2 |       ||     5
         Dagger            |       |    32 |    70 |     9 ||   111
         Staff             |       |     8 |       |       ||     8
         Spear             |       |       |       |    57 ||    57
   Cast: Summon Small Mamm |    43 |    40 |    36 |    29 ||   148
         Call Imp          |     6 |    18 |    19 |    23 ||    66
         Call Canine Famil |     3 |    23 |    28 |    29 ||    83
         Blink             |       |       |     2 |     2 ||     4
         Summon Lightning  |       |       |       |    13 ||    13
    Use: Scroll            |     6 |     2 |     4 |     3 ||    15
         Potion            |       |     1 |       |       ||     1
   Stab: Sleeping          |     1 |     1 |     2 |       ||     4
         Distracted        |       |     1 |     3 |     1 ||     5
 Armour: Robe              |    15 |       |       |       ||    15
         Ring mail         |       |    25 |    33 |    50 ||   108
  Dodge: Dodged            |    58 |    44 |    43 |    65 ||   210
